 Dungeon Crawl Stone Soup version 0.29-a0-234-g0dae59b3db (webtiles) character file.

Game seed: 5743860503423524655

56158 Ssrathi the Arsonist (level 14, -24/124 HPs)
             Began as a Naga Conjurer on Mar 2, 2022.
             Was a High Priest of Okawaru.
             Annihilated by Rupert
             ... wielding a +1 great mace of protection
              (32 damage)
             ... on level 6 of the Lair of Beasts.
             The game lasted 02:01:11 (26994 turns).

Ssrathi the Arsonist (Naga Conjurer)               Turns: 26994, Time: 02:01:12

Health: -24/124    AC: 17    Str: 18    XL:     14   Next: 80%
Magic:  18/32      EV: 10    Int: 21    God:    Okawaru [*****.]
Gold:   1292       SH: 12    Dex: 10    Spells: 16/25 levels left

rFire   + . .      SeeInvis +   b - +7 war axe "Ciowkaeg" {venom, +Blink rC+ Will- Str+4}
rCold   + + .      Faith    .   H - +0 buckler
rNeg    . . .      Spirit   .   y - +2 robe {rC+}
rPois   +          Reflect  +   F - +1 hat {SInv}
rElec   .          Harm     .   M - scarf {repulsion}
rCorr   .          Rampage  .   C - +0 pair of gloves
Will    .....                   e - +0 barding of Catatonia {rF+ Int+2}
Stlth   +++.......              X - amulet of reflection
HPRegen 0.30/turn               W - ring of magical power
MPRegen 0.23/turn               Z - ring of wizardry

@: heroic, finesse-ful, studying 2 skills, invisible, repel missiles, very slow
A: AC +4, large, see invisible, deformed body, poison resistance, slowness 2,
spit poison 1, naga tail 2
a: Spit Poison, Renounce Religion, Evoke Blink, Heroism, Finesse, Duel


You were on level 6 of the Lair of Beasts.
You worshipped Okawaru.
Okawaru was extremely pleased with you.
You visited 3 branches of the dungeon, and saw 18 of its levels.

You collected 1334 gold pieces.
You spent 42 gold pieces at shops.


Innate Abilities, Weirdness & Mutations

Your serpentine skin is tough. (AC +4)
You have supernaturally acute eyesight. (SInv)
Armour fits poorly on your strangely shaped body.
Your system is resistant to poisons. (rPois)
You cover ground very slowly.
You can spit poison.
You can use your snake-like lower body to constrict enemies.


   Skills:
 - Level 7.7(12.7) Fighting
 - Level 10.2(15.2) Polearms
 - Level 5.6(10.6) Armour
 - Level 4.6(9.6) Dodging
 - Level 3.0(8.0) Stealth
 + Level 8.0(13.0) Shields
 - Level 6.0 Spellcasting
 - Level 10.9 Conjurations
 - Level 11.1 Fire Magic
 - Level 10.1 Invocations


You had 16 spell levels left.
You knew the following spells:

 Your Spells              Type           Power      Damage    Failure   Level
s - Searing Ray           Conj           100%       2d8       1%          2
z - Magic Dart            Conj           100%       1d8       1%          1
X - Starburst             Conj/Fire      25%        6d8       8%          6

Your spell library contained the following spells:

 Spells                   Type           Power      Damage    Failure   Level
 Static Discharge         Conj/Air       29%        N/A       1%          2
 Dazzling Flash           Conj/Hex       58%        N/A       1%          3
 Iskenderun's Battlesphe  Conj           51%        2d10      1%          5
 Apportation              Tloc           12%        N/A       4%          1
 Fulminant Prism          Conj/Hex       14%        3d9       4%          4
 Iskenderun's Mystic Bla  Conj/Tloc      29%        2d7       4%          4
 Frozen Ramparts          Ice            12%        1d3       13%         3
 Lightning Bolt           Conj/Air       14%        1d28      13%         5
 Ice Form                 Ice/Tmut       6%         N/A       38%         4
 Iron Shot                Conj/Erth      14%        9d4       54%         6
 Blade Hands              Tmut           3%         N/A       71%         5
 Maxwell's Capacitive Co  Air            3%         ∞         100%        8
 Animate Skeleton         Necr           Unusable   N/A       N/A         1
 Summon Small Mammal      Summ           Unusable   N/A       N/A         1
 Animate Armour           Summ/Erth      Unusable   N/A       N/A         4
 Summon Ice Beast         Ice/Summ       Unusable   N/A       N/A         4
 Spellforged Servitor     Conj/Summ      Unusable   N/A       N/A         7

Inventory:

Hand Weapons
 b - the +7 war axe "Ciowkaeg" (weapon) {venom, +Blink rC+ Will- Str+4}
   (You found it on level 6 of the Dungeon)

   It poisons the flesh of those it strikes.
   Str:       It affects your strength (+4).
   rC:        It protects you from cold.
   +Blink:    It lets you blink.
   Will:      It decreases your willpower.
 o - the +4 bardiche "Teumpoph" {vamp, rN+++ Str-2 Int+9}
   (Okawaru gifted it to you on level 5 of the Lair of Beasts)

   It occasionally heals its wielder for a portion of the damage dealt when it
   wounds a living foe.
   Str:       It affects your strength (-2).
   Int:       It affects your intelligence (+9).
   rN:        It renders you almost immune to negative energy.
 R - a +3 trident of freezing
Missiles
 d - 3 javelins
 K - 2 throwing nets {=f}
Armour
 e - the +0 barding of Catatonia (worn) {rF+ Int+2}
   (Okawaru gifted it to you on level 2 of the Lair of Beasts)

   Int:       It affects your intelligence (+2).
   rF:        It protects you from fire.
 y - a +2 robe of cold resistance (worn)
 C - a +0 pair of gloves (worn)
 F - a +1 hat of see invisible (worn)
 H - a +0 buckler (worn)
 I - an orb of energy
 M - a scarf of repulsion (worn)
Jewellery
 W - a ring of magical power (left hand)
 X - an amulet of reflection (around neck)
 Z - a ring of wizardry (right hand)
Wands
 t - a wand of flame (52)
 z - a wand of charming (10)
 D - a wand of polymorph (15)
 J - a wand of digging (12)
 Q - a wand of iceblast (2)
Scrolls
 f - 5 scrolls of amnesia
 g - 4 scrolls of immolation {!r}
 h - a scroll of noise {!r}
 j - 2 scrolls of summoning {unknown}
 k - 4 scrolls of magic mapping
 m - 4 scrolls of fog
 n - 2 scrolls of holy word {unknown}
 p - 5 scrolls of vulnerability {!r}
 q - a scroll of fear
 v - 2 scrolls of blinking
 E - a scroll of brand weapon {unknown}
 G - a scroll of torment {!r}
 L - 6 scrolls of teleportation {@r4}
 O - 2 scrolls of enchant armour {unknown}
 U - a scroll of silence {unknown}
 Y - a scroll of enchant weapon {unknown}
Potions
 a - 2 potions of haste {@q3}
 c - 2 potions of resistance {unknown}
 l - a potion of berserk rage {unknown}
 r - a potion of mutation {unknown}
 s - 3 potions of flight
 u - 2 potions of attraction {unknown}
 w - a potion of lignification {!q}
 x - 2 potions of might
 B - 2 potions of brilliance {unknown}
 P - 4 potions of magic
 V - a potion of invisibility
Miscellaneous
 i - a lightning rod (4/4)

Dungeon Overview and Level Annotations

Branches:
Dungeon (11/15)            Temple (1/1) D:7            Lair (6/6) D:9
 Shoals (0/4) Lair:3        Snake (0/4) Lair:2        Slime (0/5) Lair:5
    Orc (0/2) D:9

Altars:
Ashenzari
Cheibriados
Dithmenos
Elyvilon
Fedhas
Gozag
Hepliaklqana
Kikubaaqudgha
Makhleb
Nemelex Xobeh
Okawaru
Qazlal
Ru
Sif Muna
Trog
Uskayaw
Vehumet
Wu Jian
Xom
Yredelemnul
Zin
The Shining One

Shops:
D:7 (

Annotations:
Lair:6 Rupert

.######...............##.........
#######...............###.#....#.
#...#...#.....).......# ####.##.#
.......#.............## ######
...#.#...##..........### ####.#.
.........##............####...#..
....#.....#.............#........
..#.#.....##.............#.....#.
#####.....##....@@........#...###
#....P##...............####
########..........#....##
##.)...(..#......##
#...(.(...#..P...###
##...(((....P.......#.
#......(...........#..
#..........#..........
##........##..........


You could see Rupert (berserk, extremely poisoned).


Message History

Rupert is severely wounded.
You constrict Rupert.
Rupert struggles to escape constriction.
You hit Rupert but do no damage.
Rupert looks as sick as possible!
Rupert is severely wounded.
You constrict Rupert. You hit Rupert but do no damage.
Rupert is severely wounded.
You constrict Rupert. Rupert yells loudly at you.
You suddenly lose the ability to move!
You lose your grip on Rupert.
Rupert hits you but does no damage. Rupert roars wildly at you.
You are confused.
Rupert hits you with a +1 great mace of protection.
Rupert roars madly and goes into a rage!
Rupert goes berserk!
Rupert hits you with a +1 great mace of protection!! x2
* * * LOW HITPOINT WARNING * * *
Rupert hits you with a +1 great mace of protection.
* * * LOW HITPOINT WARNING * * *
Rupert hits you with a +1 great mace of protection!!
* * * LOW HITPOINT WARNING * * *
You can move again.
Unknown command.
Unknown command.
You are too confused!
You feel better.
Rupert hits you with a +1 great mace of protection!!
You die...

Skill      XL: |  1  2  3  4  5  6  7  8  9 10 11 12 13 14 |
---------------+-------------------------------------------+-----
Conjurations   | 5 6 7 10 | 10.9
Polearms       | 1 3 5 8 10 | 10.2
Fighting       | 4 5 7 |  7.7
Spellcasting   | 3 4 6 |  6.0
Fire Magic     | 6 8 10 11 | 11.1
Shields        | 2 5 8 |  8.0
Invocations    | 4 10 | 10.1
Armour         | 5 |  5.6
Dodging        | 3 4 |  4.6
Stealth        | |  3.0

Action                   |  1- 3 |  4- 6 |  7- 9 | 10-12 | 13-15 || total
-------------------------+-------+-------+-------+-------+-------++-------
Melee: Short sword       |    16 |       |       |       |       ||    16
       Whip              |    31 |    58 |    19 |       |       ||   108
       War axe           |       |       |    42 |   145 |   330 ||   517
       Unarmed           |       |       |       |     1 |     4 ||     5
       Trident           |       |       |       |    85 |   175 ||   260
       Constrict         |       |       |       |       |    96 ||    96
 Cast: Magic Dart        |    44 |    46 |    44 |    79 |    49 ||   262
       Searing Ray       |     1 |     8 |    28 |    58 |    16 ||   111
       Starburst         |       |       |       |    51 |    49 ||   100
Invok: Heroism           |       |       |       |     8 |    15 ||    23
       Duel              |       |       |       |       |     1 ||     1
       Finesse           |       |       |       |       |     1 ||     1
 Abil: Spit Poison       |     4 |     3 |    29 |    30 |    12 ||    78
Evoke: Wand              |       |       |     8 |    11 |     3 ||    22
  Use: Scroll            |       |     2 |     7 |    10 |     3 ||    22
       Potion            |       |       |     2 |     7 |     6 ||    15
 Stab: Sleeping          |     2 |     5 |       |       |       ||     7
       Invisible         |       |       |       |       |     2 ||     2
       Distracted        |       |       |       |       |     1 ||     1
Armor: Robe              |    15 |    12 |    45 |   158 |   239 ||   469
       Skin              |       |       |       |    18 |       ||    18
Dodge: Dodged            |    29 |    21 |    60 |   179 |   175 ||   464
       Repelled          |       |       |       |       |     1 ||     1
Block: Buckler           |       |       |     2 |    88 |   284 ||   374
       Other             |       |       |       |       |     2 ||     2

Levels and vault maps discovered:
D:1:      dpeg_arrival_simpleton_c, layout_basic, ebering_ecumenical_altar_webs
D:2:      layout_loops_ring
D:3:      layout_loops_cross, uniq_ijyb
D:4:      layout_rooms, vehumet_statue, grunt_decor_clamped, st_stairs_14
D:5:      layout_rooms
D:6:      layout_rooms
D:7:      layout_cave_pools, minmay_temple_entry_ruins, serial_shops,
          kennysheep_mini, grunt_ogre_cave
D:8:      layout_loops_corners, minivault_21, uniq_maurice
D:9:      minmay_the_grid_four_pointed_star
          [minmay_the_grid_triangle_9x9_sparse_checkered,
          minmay_the_grid_triangle_9x9_dagger,
          minmay_the_grid_triangle_9x9_negative_grid,
          minmay_the_grid_triangle_9x9_thin_v, minmay_the_grid_prize_trominoes],
          layout_loops_corners, mainiacjoe_overflow_24_doors, uniq_erica
D:10:     layout_irregular_city, mainiacjoe_overflow_surrounded_room,
          mainiacjoe_overflow_alcove_4, mainiacjoe_overflow_big_doors,
          uniq_erolcha
D:11:     layout_long_grid
Temple:   eino_temple_scatter_basement
Lair:1:   minmay_lair_venomous_thicket, layout_cave_pods,
          kennysheep_snail_temple, lemuel_fruit_fields, uniq_amaemon
Lair:2:   layout_regular_city, minmay_snake_entry_guardpost_small,
          guppyfry_lair_drakes
Lair:3:   layout_loops_ring, elwin_shoals_entry_rocks
Lair:4:   layout_regular_city
Lair:5:   layout_gridlike, slime_dummy, uniq_kirke
Lair:6:   hangedman_lair_in_review, layout_regular_city,
          hangedman_lair_caniforms_friends, nicolae_lair_time_for_slime,
          lemuel_fruit_fields, lemuel_fruit_tree, uniq_rupert

Notes
Turn   | Place    | Note
-------+----------+-------------------------------------------
     0 | D:1      | Ssrathi the Naga Conjurer began the quest for the Orb.
     0 | D:1      | Reached XP level 1. HP: 15/15 MP: 3/3
   164 | D:1      | Found a faded altar of an unknown god.
   233 | D:1      | Reached XP level 2. HP: 22/22 MP: 0/5
   823 | D:1      | Reached XP level 3. HP: 28/28 MP: 4/6
   826 | D:1      | Learned a level 2 spell: Searing Ray
  1032 | D:1      | Reached skill level 5 in Conjurations
  2171 | D:3      | Noticed Ijyb
  2218 | D:3      | Reached XP level 4. HP: 36/36 MP: 7/7
  2277 | D:3      | Reached skill level 6 in Conjurations
  2437 | D:3      | Killed Ijyb
  2438 | D:3      | Reached skill level 1 in Polearms
  2438 | D:3      | Reached XP level 5. HP: 34/42 MP: 8/8
  2534 | D:3      | Reached skill level 2 in Polearms
  3212 | D:4      | Reached skill level 3 in Polearms
  3212 | D:4      | Reached XP level 6. HP: 49/49 MP: 9/9
  3397 | D:4      | Reached skill level 4 in Polearms
  3815 | D:4      | Found a radiant altar of Vehumet.
  4177 | D:5      | Entered Level 5 of the Dungeon
  4210 | D:5      | Noticed a sky beast
  4219 | D:4      | Killed a sky beast
  4220 | D:4      | Reached skill level 5 in Polearms
  4220 | D:4      | Reached XP level 7. HP: 55/55 MP: 10/10
  4226 | D:5      | Reached skill level 1 in Fighting
  4238 | D:5      | Reached skill level 2 in Fighting
  4443 | D:5      | Reached skill level 3 in Fighting
  4478 | D:5      | Reached skill level 4 in Fighting
  4690 | D:5      | Noticed a yak
  4690 | D:5      | Noticed a yak
  4808 | D:5      | Reached skill level 3 in Spellcasting
  4808 | D:5      | Reached XP level 8. HP: 72/72 MP: 13/13
  4898 | D:5      | Noticed a yak
  4899 | D:5      | Noticed a yak
  4913 | D:5      | Killed a yak
  4914 | D:5      | Reached skill level 4 in Spellcasting
  4989 | D:5      | Killed a yak
  4990 | D:5      | Reached skill level 2 in Fire Magic
  5018 | D:5      | Noticed a yak
  5024 | D:5      | Noticed a yak
  5038 | D:5      | Killed a yak
  5038 | D:5      | Killed a yak
  5039 | D:5      | Reached skill level 4 in Fire Magic
  5046 | D:5      | Killed a yak
  5047 | D:5      | Reached skill level 5 in Fire Magic
  5047 | D:5      | HP: 4/72 [yak (7)]
  5052 | D:5      | Killed a yak
  5053 | D:5      | Reached skill level 6 in Fire Magic
  5053 | D:5      | Reached XP level 9. HP: 2/78 MP: 1/15
  5397 | D:5      | Learned a level 6 spell: Starburst
  5534 | D:6      | Identified the +7 war axe "Ciowkaeg" {venom, +Blink rC+
                  | Will- Str+4}
  5651 | D:6      | Reached skill level 7 in Fire Magic
  6182 | D:7      | Reached skill level 7 in Conjurations
  6519 | D:7      | Reached skill level 1 in Shields
  6735 | D:7      | Reached skill level 2 in Shields
  6824 | D:7      | Reached skill level 8 in Fire Magic
  7040 | D:7      | Found a staircase to the Ecumenical Temple.
  7047 | Temple   | Entered the Ecumenical Temple
  7220 | Temple   | Became a worshipper of Warmaster Okawaru
  7389 | D:7      | Found Wyzyvutz's Weapon Shoppe.
  7392 | D:7      | Bought a throwing net for 42 gold pieces
  7605 | D:8      | Reached XP level 10. HP: 83/85 MP: 16/16
  7794 | D:8      | Reached skill level 8 in Conjurations
  8403 | D:8      | Noticed Maurice
  8428 | D:8      | Killed Maurice
  8428 | D:8      | Reached * piety under Okawaru
  8429 | D:8      | Reached skill level 9 in Fire Magic
  8853 | D:8      | HP: 7/85 [steam dragon] (6)]
  8854 | D:8      | HP: 3/85 [steam dragon (3)]
  9554 | D:9      | Reached ** piety under Okawaru
  9628 | D:9      | Reached skill level 10 in Fire Magic
  9802 | D:9      | Found a staircase to the Lair.
  9949 | D:9      | Noticed a centaur warrior
  9964 | Lair:1   | Entered Level 1 of the Lair of Beasts
 10188 | D:9      | Killed a centaur warrior
 10189 | D:9      | Reached skill level 9 in Conjurations
 10251 | D:9      | Reached skill level 10 in Conjurations
 10325 | D:9      | Found a staircase to the Orcish Mines.
 10338 | D:9      | Noticed a two-headed ogre
 10350 | D:9      | Noticed a two-headed ogre
 10370 | D:9      | Reached *** piety under Okawaru
 10371 | D:9      | Reached XP level 11. HP: 51/92 MP: 17/17
 10655 | D:9      | Reached skill level 5 in Spellcasting
 10721 | D:9      | Killed a two-headed ogre
 10722 | D:9      | Reached skill level 6 in Spellcasting
 11305 | D:9      | Reached **** piety under Okawaru
 11406 | D:9      | Noticed Erica
 11407 | D:9      | Noticed Erica
 11407 | D:9      | Erica changed into Erica the moth of wrath
 11412 | D:9      | Killed Erica the moth of wrath
 11895 | D:9      | Noticed a wizard
 11904 | D:9      | Killed a wizard
 11905 | D:9      | Reached skill level 11 in Fire Magic
 11965 | D:9      | Killed a two-headed ogre
 11965 | D:9      | Reached ***** piety under Okawaru
 12194 | D:9      | Found a glowing silver altar of Zin.
 12599 | D:10     | Entered Level 10 of the Dungeon
 12738 | D:10     | Reached skill level 5 in Fighting
 12753 | D:10     | Noticed a boulder beetle
 12914 | D:10     | Reached skill level 1 in Invocations
 12934 | D:10     | Killed a boulder beetle
 12934 | D:10     | Received a gift from Okawaru
 12935 | D:10     | Reached skill level 3 in Invocations
 13078 | D:10     | Noticed a two-headed ogre
 13087 | D:10     | Killed a two-headed ogre
 13088 | D:10     | Reached skill level 4 in Invocations
 13088 | D:10     | Reached XP level 12. HP: 87/104 MP: 12/21
 13127 | D:10     | Noticed Erolcha
 13177 | D:10     | Killed Erolcha
 13178 | D:10     | Reached skill level 5 in Invocations
 13311 | D:10     | Found an ancient bone altar of Kikubaaqudgha.
 13452 | D:10     | Found a white marble altar of Elyvilon.
 13489 | D:10     | Found a hide-covered altar of Uskayaw.
 13689 | D:10     | Found an opulent altar of Gozag.
 13945 | D:11     | Reached skill level 6 in Invocations
 14399 | D:11     | Noticed a five-headed hydra
 14494 | Lair:1   | Noticed Amaemon
 14498 | Lair:1   | Noticed Amaemon
 14498 | Lair:1   | Amaemon changed into Amaemon the cane toad
 14504 | Lair:1   | Killed Amaemon the cane toad
 14504 | Lair:1   | Received a gift from Okawaru
 14506 | Lair:1   | Reached skill level 7 in Invocations
 14762 | Lair:1   | Found a snail-covered altar of Cheibriados.
 14769 | Lair:1   | Reached skill level 8 in Invocations
 15572 | Lair:1   | Reached skill level 9 in Invocations
 16445 | Lair:2   | Reached skill level 10 in Invocations
 16942 | Lair:2   | Identified the +0 barding of Catatonia {rF+ Int+2} (Okawaru
                  | gifted it to you on level 2 of the Lair of Beasts)
 16942 | Lair:2   | Received a gift from Okawaru
 16943 | Lair:2   | Reached skill level 6 in Polearms
 16952 | Lair:2   | HP: 10/104 [wolf (4)]
 17478 | Lair:2   | Noticed a seven-headed hydra
 17495 | Lair:2   | Killed a seven-headed hydra
 17496 | Lair:2   | Reached skill level 7 in Polearms
 17836 | Lair:2   | Reached skill level 8 in Polearms
 17871 | Lair:2   | Gained mutation: You can use your snake-like lower body to
                  | constrict enemies. [Naga growth]
 17871 | Lair:2   | Reached XP level 13. HP: 111/111 MP: 17/22
 18206 | Lair:2   | Reached skill level 9 in Polearms
 18218 | Lair:2   | Found a staircase to the Snake Pit.
 18664 | Lair:3   | Found a staircase to the Shoals.
 18946 | Lair:3   | Identified the +11 great mace of Doom {pain, rCorr Int+2}
 18958 | Lair:3   | Reached skill level 10 in Polearms
 19585 | Lair:3   | Reached skill level 3 in Shields
 19985 | Lair:4   | Reached skill level 4 in Shields
 20306 | Lair:4   | You fall into a shaft and drop 1 floor!
 20319 | Lair:5   | Identified the +4 bardiche "Teumpoph" {vamp, rN+++ Str-2
                  | Int+9} (Okawaru gifted it to you on level 5 of the Lair of
                  | Beasts)
 20319 | Lair:5   | Received a gift from Okawaru
 20493 | Arena    | Entered the Arena
 20523 | Lair:5   | Reached skill level 5 in Shields
 20689 | Lair:5   | Reached skill level 1 in Armour
 20756 | Lair:4   | Reached skill level 2 in Armour
 20925 | Lair:4   | Reached skill level 3 in Armour
 22234 | Lair:5   | Reached skill level 4 in Armour
 22336 | Lair:5   | Noticed Kirke
 22571 | Lair:5   | Killed Kirke
 22801 | Lair:5   | Found a staircase to the Slime Pits.
 22846 | Lair:5   | Identified the +5 mace "Medyfre" {vorpal, +Blink rPois
                  | rN+++ Str-5}
 22997 | Lair:5   | Reached skill level 5 in Armour
 23203 | Lair:6   | Entered Level 6 of the Lair of Beasts
 23418 | Lair:6   | Reached skill level 2 in Dodging
 23423 | Lair:6   | Received a gift from Okawaru
 23424 | Lair:6   | Reached skill level 3 in Dodging
 23424 | Lair:6   | Reached XP level 14. HP: 52/118 MP: 19/23
 23444 | Lair:6   | Reached skill level 4 in Dodging
 23621 | Lair:6   | Identified the +2 broad axe of Hatred {drain, rElec rC- rN+
                  | Int+6}
 23971 | Lair:6   | Reached skill level 6 in Fighting
 24215 | Lair:6   | Reached skill level 7 in Fighting
 25046 | Lair:6   | Reached skill level 6 in Shields
 26027 | Lair:6   | Identified the +4 lajatang "Gueli" {venom, rF+} (Okawaru
                  | gifted it to you on level 6 of the Lair of Beasts)
 26027 | Lair:6   | Received a gift from Okawaru
 26036 | Lair:6   | Reached skill level 7 in Shields
 26679 | Lair:6   | Noticed a quicksilver ooze
 26713 | Lair:6   | Killed a quicksilver ooze
 26760 | Lair:6   | Reached skill level 8 in Shields
 26961 | Lair:6   | Noticed Rupert
 26986 | Lair:6   | Paralysed by Rupert for 7 turns
 26993 | Lair:6   | HP: 2/124 [Rupert/+1 great mace of protection (30)]
 26994 | Lair:6   | Annihilated by Rupert

Vanquished Creatures
  Kirke (Lair:5)
  A quicksilver ooze (Lair:6)
  Erolcha (D:10)
  A boulder beetle (D:10)
  6 hydras
  A catoblepas (Lair:6)
  A centaur warrior (D:9)
  3 two-headed ogres
  An alligator (Lair:6)
  A wizard (D:9)
  3 wolf spiders
  9 elephants
  A cyclops (D:11)
  A moth of wrath (D:9)
  Maurice (D:8)
  7 torpor snails
  4 black mambas
  An orange demon (Lair:1)
  A molten gargoyle (Lair:5)
  8 komodo dragons
  2 kobold demonologists (D:10)
  19 cane toads
  A meliai (D:9)
  11 polar bears
  11 blink frogs
  2 raiju (Lair:6)
  3 slime creatures (Lair:6)
  6 dream sheep (Lair:6)
  4 wraiths
  2 shadows (D:9)
  42 yaks
  2 vampires
  A human (Lair:5)
  3 steam dragons
  A wyvern (D:11)
  5 hogs (Lair:5)
  6 basilisks
  A human (shapeshifter) (D:9)
  3 nagas (Lair:2)
  14 water moccasins
  13 hell hounds (Lair:6)
  6 wargs (Lair:6)
  3 ice beasts
  5 orc warriors
  2 sky beasts
  6 ogres
  14 black bears
  6 centaurs
  29 wolves
  A kobold brigand (D:10)
  2 gnoll sergeants
  8 bullfrogs
  3 scorpions
  26 killer bees
  4 howler monkeys
  4 orc priests
  4 hounds
  8 jellies
  3 gnoll shamans
  Ijyb (D:3)
  5 orc wizards
  A statue (D:4)
  17 gnolls
  13 adders
  An ufetubus (D:7)
  2 worms
  A dart slug (D:1)
  18 orcs
  3 ball pythons
  5 endoplasms
  4 giant cockroaches
  3 goblins
  2 hobgoblins
  3 jackals (D:1)
  11 kobolds
  4 quokkas
  13 bats
  5 frilled lizards
  4 rats
455 creatures vanquished.

Vanquished Creatures (others)
  An orc wizard (D:9)
  61 fungi
  118 plants
180 creatures vanquished.

Grand Total: 635 creatures vanquished

Table legend: (Time is in decaauts)
 A = Elapsed time spent in this place.
 B = Non-inter-level travel time spent in this place.
 C = Inter-level travel time spent in this place.
 D = Time resting spent in this place.
 E = Time spent auto-exploring this place.
 F = Levels seen in this place.
 G = Mean time per level.
                   A        B        C        D        E       F      G
               +--------+--------+--------+--------+--------+-----+--------+
         Total |  31649 |  30699 |    950 |   5845 |  20260 |  19 | 1665.7 |
       Dungeon |  16661 |  16022 |    639 |   2250 |  11259 |  11 | 1514.6 |
        Temple |    266 |    244 |     22 |      0 |    207 |   1 |  266.0 |
          Lair |  14702 |  14414 |    288 |   3595 |   8793 |   6 | 2450.3 |
         Arena |     19 |     19 |      0 |      0 |      0 |   1 |   19.0 |
               +--------+--------+--------+--------+--------+-----+--------+

Top non-repeatable levels by time:
  Lair:6: 4011 daAuts
     D:9: 3652 daAuts
  Lair:1: 3193 daAuts
  Lair:4: 2461 daAuts
     D:8: 2270 daAuts
  Lair:2: 1899 daAuts
  Lair:5: 1714 daAuts
     D:1: 1571 daAuts
  Lair:3: 1421 daAuts
     D:4: 1352 daAuts
     D:5: 1344 daAuts
     D:7: 1308 daAuts
     D:3: 1294 daAuts
    D:10: 1254 daAuts
     D:2: 1004 daAuts

Table legend:
 A = Non-vault XP
 B = Vault XP
 C = Vault XP percentage of total XP
 D = Non-vault monster count
 E = Vault monster count
 F = Vault count percentage of total count
                 A         B        C        D         E       F
            +---------+---------+-------+---------+---------+-------
      Total |   50760 |   29466 |  36.7 |     326 |     129 |  28.4
            +---------+---------+-------+---------+---------+-------
        D:1 |      41 |       0 |   0.0 |      25 |       0 |   0.0
        D:2 |      35 |       0 |   0.0 |      17 |       0 |   0.0
        D:3 |     130 |      35 |  21.2 |      14 |       1 |   6.7
        D:4 |     352 |      46 |  11.6 |      17 |       2 |  10.5
        D:5 |    1932 |       0 |   0.0 |      25 |       0 |   0.0
        D:6 |     661 |       0 |   0.0 |       6 |       0 |   0.0
        D:7 |    1081 |     122 |  10.1 |      25 |       1 |   3.8
        D:8 |    1743 |     462 |  21.0 |      19 |       1 |   5.0
        D:9 |    3691 |    5375 |  59.3 |      32 |      25 |  43.9
       D:10 |    3133 |     867 |  21.7 |      12 |       1 |   7.7
       D:11 |     855 |       0 |   0.0 |       5 |       0 |   0.0
     Lair:1 |     730 |    5467 |  88.2 |       3 |      20 |  87.0
     Lair:2 |    6324 |    1313 |  17.2 |      25 |       5 |  16.7
     Lair:3 |    4576 |       0 |   0.0 |      18 |       0 |   0.0
     Lair:4 |    6700 |       0 |   0.0 |      21 |       0 |   0.0
     Lair:5 |    2921 |    2457 |  45.7 |      10 |       6 |  37.5
     Lair:6 |   15659 |   13322 |  46.0 |      51 |      67 |  56.8
      Arena |     196 |       0 |   0.0 |       1 |       0 |   0.0
            +---------+---------+-------+---------+---------+-------
